 Dungeon Crawl Stone Soup version 0.31.0-9-g3a7656b989 (webtiles) character file.

Game seed: 3818828691868592358

24189319 puimuR the Intangible (level 27, 245/245 HPs)
             Began as a Merfolk Conjurer on Feb 1, 2024.
             Was the Champion of the Shining One.
             Escaped with the Orb
             ... and 15 runes
             ... and 4 gems on Feb 2, 2024!
             The game lasted 10:24:25 (63357 turns).

puimuR the Intangible (Merfolk Conjurer)           Turns: 63357, Time: 10:24:26

Health: 245/245    AC: 42    Str: 18    XL:     27
Magic:  35/35      EV: 24    Int: 14    God:    the Shining One [******]
Gold:   4319       SH: 31    Dex: 17    Spells: 16/43 levels left

rFire   + + .        W - +9 trishula (holy)
rCold   + + +        Z - +6 tower shield {AC+3}
rNeg    + + +        C - +9 ice dragon scales
rPois   +            h - -2 hat of the Alchemist {rElec rPois rF+ rC+ rN+ Will+ rMut rCorr}
rElec   +            c - scarf of Beogh, Bespelling {repulsion, rF++ rC+ SInv}
rCorr   +            n - +3 pair of gauntlets of War {Slay+5}
SInv    +            p - +1 pair of boots of the Other Side {+Blink rPois Str+2 Stlth-}
Will    +++..        m - amulet of Vitality {RegenMP++ Regen++} Stlth
                     R - +4 ring of slaying
HPRegen 2.20/turn    j - +4 ring of protection
MPRegen 1.04/turn

%: repel missiles, resist mutation
@: glowing
A: (nimble swimmer 2), mertail, horns 1, iridescent scales 1, dopey 2, wild
magic 1
0: Orb of Zot
}: 15/15 runes: serpentine, barnacled, slimy, silver, golden, iron, obsidian,
icy, bone, abyssal, demonic, glowing, magical, fiery, dark
a: Renounce Religion, Evoke Blink, Divine Shield, Cleansing Flame, Summon Divine
Warrior


You escaped.
You worshipped the Shining One.
The Shining One was exalted by your worship.
You visited 18 branches of the dungeon, and saw 88 of its levels.
You visited Pandemonium 1 time, and saw 24 of its levels.
You visited the Abyss 4 times.
You visited 2 ziggurats, and saw 18 of their levels (deepest: 9).
You also visited: Bailey and Ice Cave.

You collected 8396 gold pieces.
You spent 4077 gold pieces at shops.

Inventory:

Hand Weapons
 W - a +9 trishula of holy wrath (weapon)
Missiles
 d - a throwing net
 e - 4 darts of dispersal
 g - 13 silver javelins
 B - 9 curare-tipped darts (quivered)
Armour
 c - the scarf of Beogh, Bespelling (worn) {repulsion, rF++ rC+ SInv}
   (You acquired it on level 1 of the Shoals)

   rF++:      It greatly protects you from fire.
   rC+:       It protects you from cold.
   SInv:      It lets you see invisible.
 h - the -2 hat of the Alchemist (worn) {rElec rPois rF+ rC+ rN+ Will+ rMut rCorr}
   (You found it on level 1 of the Tomb of the Ancients)

   rF+:       It protects you from fire.
   rC+:       It protects you from cold.
   rElec:     It insulates you from electricity.
   rPois:     It protects you from poison rN+: It protects you from negative
   energy.
   Will+:     It increases your willpower.
   rCorr:     It protects you from acid and corrosion.
   rMut:      It protects you from mutation.
 n - the +3 pair of gauntlets of War (worn) {Slay+5}
   (Okawaru gifted it to you on level 2 of the Orcish Mines)

   Slay+5:    It affects your accuracy & damage with ranged weapons and melee
   (+5).
 p - the +1 pair of boots of the Other Side (worn) {+Blink rPois Str+2 Stlth-}
   (You acquired it on level 10 of the Dungeon)

   Str+2:     It affects your strength (+2).
   rPois:     It protects you from poison +Blink: It lets you blink.
   Stlth-:    It makes you less stealthy.
 C - +9 ice dragon scales (worn)
 Q - the +3 crown of Dyrovepreva {rElec Int+2 SInv}
   (You found it on level 3 of the Elven Halls)

   Int+2:     It affects your intelligence (+2).
   rElec:     It insulates you from electricity.
   SInv:      It lets you see invisible.
 Y - a +2 tower shield of resistance
 Z - a +6 tower shield of protection (worn)
Jewellery
 a - an amulet of regeneration
 j - a +4 ring of protection (right hand)
 k - a +4 ring of protection
 m - the amulet of Vitality (around neck) {RegenMP++ Regen++}
   (You found it on level 3 of the Tomb of the Ancients)

   [amulet of magic regeneration]

   RegenMP:   It increases your rate of magic regeneration.
   Regen++:   It increases your rate of health regeneration.
 o - the ring of Giwnisab {rF+ rN+ Str+3 Dex+6}
   (You took it off a balrug in Pandemonium)

   [ring of dexterity]

   Str+3:     It affects your strength (+3).
   Dex+6:     It affects your dexterity (+6).
   rF+:       It protects you from fire.
   rN+:       It protects you from negative energy.
 r - a +4 ring of slaying
 u - the ring of Teubiuw {+Blink Fly}
   (You acquired it on level 4 of the Shoals)

   [ring of flight]

   Fly:       It grants you flight.
   +Blink:    It lets you blink.
 N - the ring "Binexeth" {rCorr Str+4}
   (You found it in Pandemonium)

   [ring of resist corrosion]

   Str+4:     It affects your strength (+4).
   rCorr:     It protects you from acid and corrosion.
 R - a +4 ring of slaying (left hand)
Wands
 l - a wand of light (49)
 H - a wand of digging (17)
 M - a wand of roots (26)
Scrolls
 v - 2 scrolls of blinking
 w - 13 scrolls of teleportation
 y - 8 scrolls of fear
 I - 6 scrolls of silence
 S - 7 scrolls of fog
 U - 9 scrolls of immolation
Potions
 b - 2 potions of magic
 f - 14 potions of curing
 i - 2 potions of might
 q - 3 potions of ambrosia
 x - 3 potions of heal wounds
 z - 11 potions of lignification
 A - 7 potions of enlightenment
 D - 3 potions of berserk rage
 F - 5 potions of resistance
 J - 5 potions of mutation
 K - 2 potions of brilliance
 L - 2 potions of cancellation
 O - a potion of attraction
 T - 2 potions of haste
Miscellaneous
 E - a phantom mirror
 G - a box of beasts
 P - a phial of floods
 X - a condenser vane


   Skills:
 - Level 26.2 Fighting
 O Level 27 Polearms
 - Level 14.1 Throwing
 + Level 22.7 Armour
 O Level 27 Dodging
 - Level 2.1 Stealth
 + Level 26.2 Shields
 - Level 8.5 Spellcasting
 - Level 4.3 Conjurations
 - Level 22.4 Translocations
 - Level 12.4 Air Magic
 - Level 15.8 Invocations
 - Level 7.0 Evocations


You had 16 spell levels left.
You knew the following spells:

 Your Spells              Type           Power      Damage    Failure   Level
a - Magic Dart            Conj           92%        1d7       7%          1
b - Searing Ray           Conj           46%        2d6       11%         2
c - Apportation           Tloc           100%       N/A       1%          1
d - Manifold Assault      Tloc           73%        N/A       1%          4
e - Vhi's Electric Charg  Tloc/Air       100%       N/A       1%          4
f - Blink                 Tloc           100%       N/A       1%          2
g - Dispersal             Tloc           36%        N/A       1%          6
h - Swiftness             Air            52%        N/A       1%          3
r - Passage of Golubria   Tloc           73%        N/A       1%          4

Your spell library contained the following spells:

 Spells                   Type           Power      Damage    Failure   Level
 Shock                    Conj/Air       100%       1d9       1%          1
 Gell's Gravitas          Tloc           73%        N/A       1%          3
 Teleport Other           Tloc           73%        N/A       1%          3
 Volatile Blastmotes      Fire/Tloc      96%        2d18      1%          3
 Static Discharge         Conj/Air       76%        3-7/arc   2%          2
 Iskenderun's Mystic Bla  Conj/Tloc      54%        2d12      2%          4
 Airstrike                Air            26%        2d(4-20)  3%          4
 Mercury Vapours          Alch/Air       60%        N/A       5%          2
 Cigotuvi's Dreadful Rot  Necr/Alch/Air  44%        N/A       12%         2
 Summon Forest            Summ/Tloc      24%        N/A       12%         5
 Mephitic Cloud           Conj/Alch/Air  28%        N/A       13%         3
 Foxfire                  Conj/Fire      60%        2x1d7     16%         1
 Kiss of Death            Conj/Necr      60%        2d10      16%         1
 Sting                    Conj/Alch      60%        1d6       16%         1
 Summon Lightning Spire   Summ/Air       30%        N/A       28%         4
 Arcjolt                  Conj/Air       19%        1d29      32%         5
 Freeze                   Ice            28%        1d5       34%         1
 Necrotise                Necr           28%        1d5       34%         1
 Slow                     Hex            28%        N/A       34%         1
 Summon Small Mammal      Summ           28%        N/A       34%         1
 Dazzling Flash           Conj/Hex       30%        N/A       41%         3
 Hailstorm                Conj/Ice       15%        3d6       41%         3
 Stone Arrow              Conj/Erth      30%        3d8       41%         3
 Call Imp                 Summ           14%        N/A       47%         2
 Ensorcelled Hibernation  Hex/Ice        14%        N/A       47%         2
 Jinxbite                 Hex            14%        N/A       47%         2
 Scorch                   Fire           14%        2d5       47%         2
 Sublimation of Blood     Necr           7%         N/A       47%         2
 Frozen Ramparts          Ice            14%        1d3       71%         3
 Fugue of the Fallen      Necr           7%         N/A       71%         3
 Inner Flame              Hex/Fire       7%         N/A       71%         3
 Ozocubu's Armour         Ice            7%         N/A       71%         3
 Vampiric Draining        Necr           7%         2d6       71%         3
 Brom's Barrelling Bould  Conj/Erth      15%        2d4       80%         4
 Flame Wave               Conj/Fire      15%        2d7       80%         4
 Fulminant Prism          Conj/Alch      7%         3d7       80%         4
 Iskenderun's Battlesphe  Conj           23%        2d8       83%         5
 Conjure Ball Lightning   Conj/Air       19%        3x3d6     85%         6
 Malign Gateway           Summ/Tloc      24%        N/A       95%         7
 Anguish                  Hex/Necr       3%         N/A       97%         4
 Animate Armour           Summ/Erth      14%        N/A       97%         4
 Animate Dead             Necr           7%         N/A       97%         4
 Cause Fear               Hex            3%         N/A       97%         4
 Dispel Undead            Necr           7%         3d8       97%         4
 Ignite Poison            Fire/Alch      7%         N/A       97%         4
 Leda's Liquefaction      Alch/Erth      3%         N/A       97%         4
 Martyr's Knell           Necr/Summ      7%         N/A       97%         4
 Olgreb's Toxic Radiance  Alch           7%         N/A       97%         4
 Petrify                  Alch/Erth      7%         N/A       97%         4
 Sticky Flame             Fire/Alch      7%         2d4       97%         4
 Summon Blazeheart Golem  Fire/Summ      7%         N/A       97%         4
 Fireball                 Conj/Fire      7%         3d5       98%         5
 Irradiate                Conj/Alch      7%         3d14      98%         5
 Plasma Beam              Fire/Air       15%        2x1d26    98%         6
 Alistair's Intoxication  Alch           4%         N/A       100%        5
 Borgnjor's Vile Clutch   Necr/Erth      3%         N/A       100%        5
 Curse of Agony           Necr           7%         N/A       100%        5
 Lee's Rapid Deconstruct  Erth           3%         3d5*      100%        5
 Metabolic Englaciation   Hex/Ice        3%         N/A       100%        5
 Summon Mana Viper        Hex/Summ       7%         N/A       100%        5
 Yara's Violent Unravell  Hex/Alch       3%         3d4       100%        5
 Bombard                  Conj/Erth      7%         9d2       100%        6
 Death Channel            Necr           3%         N/A       100%        6
 Eringya's Noxious Bog    Alch           3%         4d6       100%        6
 Starburst                Conj/Fire      7%         6d4       100%        6
 Summon Cactus Giant      Summ           3%         N/A       100%        6
 Enfeeble                 Hex            3%         N/A       100%        7
 Haunt                    Necr/Summ      3%         N/A       100%        7
 Monstrous Menagerie      Summ           3%         N/A       100%        7
 Orb of Destruction       Conj           11%        9d6       100%        7
 Ozocubu's Refrigeration  Ice            3%         4d8       100%        7
 Spellforged Servitor     Conj/Summ      7%         N/A       100%        7
 Summon Hydra             Summ           3%         N/A       100%        7
 Discord                  Hex            3%         N/A       100%        8
 Infestation              Necr           3%         N/A       100%        8
 Lehudib's Crystal Spear  Conj/Erth      7%         10d3      100%        8
 Maxwell's Capacitive Co  Air            26%        ∞         100%        8
 Chain Lightning          Conj/Air       19%        3d25      100%        9
 Death's Door             Necr           3%         N/A       100%        9
 Fire Storm               Conj/Fire      7%         8d2       100%        9
 Shatter                  Erth           3%         3d7*      100%        9


Dungeon Overview and Level Annotations

Branches:
Dungeon (15/15)            Temple (1/1) D:5            Lair (5/5) D:10
 Shoals (4/4) Lair:3        Snake (4/4) Lair:3        Slime (5/5) Lair:4
    Orc (2/2) D:11            Elf (3/3) Orc:2        Vaults (5/5) D:13
  Crypt (3/3) Vaults:2       Tomb (3/3) Crypt:3      Depths (4/4) D:15
   Hell (visited)             Dis (7/7) Hell            Geh (7/7) Hell
    Coc (7/7) Hell            Tar (7/7) Hell            Zot (5/5) Depths:4
 Bailey (visited)           IceCv (visited)

Altars:
Ashenzari
Cheibriados
Dithmenos
Elyvilon
Fedhas
Gozag
Hepliaklqana
Kikubaaqudgha
Makhleb
Nemelex Xobeh
Okawaru
Qazlal
Ru
Sif Muna
Trog
Uskayaw
Vehumet
Wu Jian
Xom
Yredelemnul
Zin
The Shining One
Jiyva
Lugonu

Shops:
D:12 *?   D:14 (   Orc:1 *   Orc:2 [*(:   Shoals:1 (:?=   Snake:1 :
Vaults:5 !?!   Depths:2 :   Depths:4 ?

Portals:
Hell: Depths:1 Depths:4
Abyss: Geh:2 Depths:4
Pandemonium: Depths:2

Annotations:
D:2 Sigmund
D:3 exclusion: upstairs
D:4 exclusion: downstairs
D:10 6 transporters
D:13 exclusion: downstairs
Lair:1 exclusion: oklob plant
Shoals:3 Mlioglotl


Innate Abilities, Weirdness & Mutations

((You are very nimble when in or above water. (Stealth+, EV+, Speed+++)))
Your lower body shifts to a powerful aquatic tail in water.
You have a pair of small horns on your head.
You are partially covered in iridescent scales. (AC +2)
You are very dopey. (Int -4)
Your spells are a little harder to cast, but a little more powerful.


Message History

You feel better.
Unknown command.
Casting: Passage of Golubria (safe; 1% risk of failure)
Confirm with . or Enter, or press ? or * to list all spells.
Aiming: Passage of Golubria (safe; 1% risk of failure)
Press: ? - help, Dir - move target You enter the passage of Golubria.
There is a passage of Golubria here.
Things that are here:
a +0 leather armour; a +0 club
There is a stone staircase leading up here.
You climb upwards.
Level annotation: Sigmund
There is a stone staircase leading down here.
Unknown command.
Unknown command.
Unknown command.
Casting: Passage of Golubria (safe; 1% risk of failure)
Confirm with . or Enter, or press ? or * to list all spells.
Aiming: Passage of Golubria (safe; 1% risk of failure)
Press: ? - help, Dir - move target You enter the passage of Golubria.
There is a passage of Golubria here.
There is a stone staircase leading up here.
You climb upwards.
There is a stone staircase leading down here.
An Orb Guardian comes into view.
The Orb Guardian attacks as it pursues you!
You block the Orb Guardian's attack.
Casting: Passage of Golubria (safe; 1% risk of failure)
Confirm with . or Enter, or press ? or * to list all spells.
Aiming: Passage of Golubria (safe; 1% risk of failure)
Press: ? - help, Dir - move target The Orb Guardian completely misses you.
You enter the passage of Golubria.
There is a passage of Golubria here.
Blink to where?
Press: ? - help, Dir - move target
As you read the scroll of blinking, it crumbles to dust.
You have escaped!

##.#......##..#####..#
##.#.........X.......#
#..#.#........######.#
#..#.#...............############
#.##.####.##.X...................
#.##.####.##..#####..############
.....................##
#.....###.##..........# #.##..#
#.##....@.....# #.##..#
#.##..........#
#.##..###.##..........#
.................8....#
...##.....##......♣...#
......###.##..........# #..##.#
#.##..........# #..##.#
#.##..........# ......#
#.##.##########


You could see an Orb Guardian.

Vanquished Creatures
  Cerebov (Pan)
  Antaeus (Coc:7)
  Asmodeus (Geh:7)
  Mnoleg (Pan)
  the Royal Jelly (Slime:5)
  Lom Lobon (Pan)
  the Serpent of Hell (Geh:7)
  7 dread liches
  5 ancient liches
  4 orbs of fire
  3 juggernauts
  Boris (twice) (Depths:4 Depths:1)
  7 shard shrikes
  3 Killer Klowns
  29 caustic shrikes
  A curse toe (Zot:5)
  Geryon (Hell)
  4 profane servitors
  5 golden dragons
  4 pandemonium lords (Pan)
  33 bone dragons
  16 Brimstone Fiends
  9 iron giants
  3 electric golems
  2 spectral shard shrikes
  15 doom hounds
  20 Tzitzimimeh
  16 hellephants
  12 tentacled monstrosities
  12 tainted leviathans
  14 Ice Fiends
  11 Hell Sentinels
  5 quicksilver dragons
  24 titans
  16 Orb Guardians
  3 liches
  Rupert (D:15)
  11 sphinxes
  19 acid blobs
  6 deep elf blademasters
  Asterion (D:15)
  A walking frostbound tome (Depths:3)
  Grunn (Zot:1)
  Polyphemus (Shoals:2)
  17 searing wretches
  Agnes (D:15)
  A kraken (Shoals:2)
  11 deep elf master archers
  27 Executioners
  A thorn hunter (Zig:8)
  3 death cobs
  6 tentacled starspawn (Abyss:3)
  31 ancient champions
  Gastronok (Lair:3)
  7 storm dragons
  13 azure jellies
  5 nagarajas
  10 tengu reavers
  7 draconian monks
  5 revenants
  7 shadow dragons
  7 rockslimes
  8 quicksilver elementals
  4 draconian knights
  6 protean progenitors
  4 fenstrider witches
  9 narguns
  2 draconian shifters
  13 demonspawn warmongers (Pan)
  19 frost giants
  48 balrugs
  6 iron dragons
  22 fire giants
  6 deep elf sorcerers
  5 spectral caustic shrikes
  2 spectral juggernauts
  16 vault wardens
  2 draconian scorchers
  2 angels
  9 shard shrike simulacra
  25 reapers
  4 curse skulls
  4 deep elf elementalists
  9 cacodemons
  2 draconian stormcallers
  12 quicksilver oozes
  A ghost moth (Zot:5)
  2 ghouls
  10 demonspawn blood saints (Pan)
  10 demonspawn corrupters (Pan)
  13 ironbound preservers
  5 orc warlords
  9 draconian annihilators
  A stone giant (shapeshifter) (Zig:4)
  4 juggernaut skeletons (Pan)
  13 very ugly things
  6 vampire knights
  20 stone giants
  4 formless jellyfish
  7 ironbound thunderhulks
  2 caustic shrike skeletons (Pan)
  11 purple draconians
  14 deep elf death magi
  13 green draconians
  24 elemental wellsprings
  6 deep elf demonologists
  9 demonspawn black suns (Pan)
  2 eleionomae
  A rockslime zombie (Crypt:1)
  14 white draconians
  A spectral titan (Tar:3)
  6 spark wasps
  12 deep elf annihilators
  2 bunyips (Zot:5)
  11 black draconians
  19 war gargoyles
  3 yellow draconians
  20 red draconians
  12 wendigos
  24 putrid mouths
  2 dire elephants
  12 lorocyprocas
  The ghost of beef the Gelid, a journeyman DrSh of Vehumet (Lair:5)
  15 ettins
  A crystal guardian (Vaults:3)
  16 eidola
  24 iron golems
  7 fire dragons
  18 blizzard demons
  14 green deaths
  6 mummy priests
  A spectral quicksilver dragon (Tar:1)
  Snorg (Orc:2)
  13 jiangshi
  4 merfolk javelineers
  4 spectral spriggans
  7 merfolk impalers
  15 yaktaur captains
  2 entropy weavers
  6 deep elf high priests
  3 rakshasas
  11 great orbs of eyes
  16 salamander tyrants
  Harold (D:10)
  The ghost of oldnick the Geomancer, a journeyman OpEE (Lair:3)
  5 hell beasts (Pan)
  31 vault guards
  4 hydras
  8 caustic shrike simulacra
  3 spriggan air magi
  14 ice dragons
  5 juggernaut simulacra
  3 catoblepae
  3 ogre magi
  4 ironbound frosthearts
  3 merfolk avatars
  7 anacondas
  5 peacekeepers
  4 centaur warriors
  A jorogumo (shapeshifter) (Vaults:5)
  A stoker (Geh:7)
  A jorogumo (Pan)
  A fenstrider witch zombie (Crypt:1)
  2 alligator snapping turtles (Shoals:4)
  3 satyrs
  2 alligators (Zot:5)
  4 tengu warriors
  7 two-headed ogres
  4 death knights
  7 merfolk aquamancers
  A spectral stone giant (Tar:3)
  7 dancing weapons
  7 boulder beetles
  6 death yaks
  4 deep troll shamans
  5 vampire magi
  7 death scarabs
  9 deep troll earth magi
  A sphinx skeleton (Crypt:1)
  36 hell hogs
  3 occultists
  4 thrashing horrors (Abyss:3)
  A spriggan berserker (Depths:3)
  13 naga warriors
  4 orc high priests (Orc:2)
  13 naga sharpshooters
  9 shock serpents
  12 deep elf knights
  33 soul eaters
  6 demonic crawlers
  4 skysharks
  A storm dragon zombie (Crypt:3)
  83 sun demons
  A hellephant skeleton (Pan)
  2 fire crabs (Zig:3)
  9 iron trolls
  8 crystal echidnas
  A spectral bunyip (Tar:1)
  3 wretched stars
  12 sixfirhies
  23 skeletal warriors
  5 salamander mystics (Snake:4)
  A bunyip zombie (Crypt:1)
  2 glowing orange brains
  12 sea snakes
  15 shadow wraiths
  5 arcanists
  An orb spider (shapeshifter) (Zig:9)
  4 quicksilver dragon simulacra
  2 glowing orange brains (shapeshifter) (Vaults:5)
  2 death drakes (Depths:4)
  39 deep trolls
  A goliath frog (Pan)
  2 spectral anacondas
  A bog body (Zig:6)
  17 mana vipers
  A ghost moth zombie (Crypt:1)
  15 ironbound convokers
  15 shadow demons (Pan)
  2 spriggan simulacra (Coc:7)
  2 anaconda skeletons
  12 flayed ghosts
  3 swamp dragons
  A fenstrider witch simulacrum (Coc:1)
  A swamp dragon (shapeshifter) (Vaults:5)
  14 deep elf archers
  A lindwurm (shapeshifter) (Depths:3)
  A spriggan druid (Zig:2)
  A spectral hydra (Lair:5)
  13 phantasmal warriors
  20 harpies
  7 sun moths (Pan)
  7 lindwurms
  A harpy (shapeshifter) (Elf:3)
  13 deep elf zephyrmancers
  7 necromancers
  9 naga ritualists
  2 alligator zombies (Hell)
  Pikel (D:5)
  7 orc knights
  A steelbarb worm (shapeshifter) (Vaults:5)
  A stone giant zombie (Vaults:3)
  26 deep elf pyromancers
  A human zombie (Vaults:3)
  8 orc sorcerers
  A spectral ice dragon (Tar:1)
  2 will-o-the-wisps
  15 salamanders
  7 shining eyes
  18 fauns
  2 spectral centaurs
  16 ugly things
  9 cyclopes
  17 manticores
  2 spectral ettins
  19 moths of wrath
  37 black mambas
  3 elephants (Lair:5)
  A dire elephant zombie (Crypt:1)
  A water nymph (shapeshifter) (Zig:7)
  3 meliai (D:13)
  2 Executioner simulacra (Pan)
  6 eyes of devastation
  30 large abominations
  An apocalypse crab (Abyss:3)
  2 kobold blastminers (Orc:2)
  7 rust devils (Depths:4)
  12 merfolk sirens
  13 naga magi
  8 orange demons
  7 water nymphs
  5 titan simulacra
  10 vault sentinels
  A black mamba (shapeshifter) (D:13)
  5 guardian serpents
  32 smoke demons
  7 cane toads
  10 molten gargoyles (Geh:7)
  A torpor snail (Lair:5)
  4 ice statues
  A gargoyle (D:10)
  An unseen horror (D:13)
  32 hellions
  2 kobold demonologists
  7 rime drakes
  9 freezing wraiths
  35 yaktaurs
  7 ice devils
  2 ancient zymes (Abyss:3)
  4 anaconda simulacra
  5 efreet
  2 yaktaur skeletons
  43 tormentors
  6 komodo dragons
  A bunyip simulacrum (Crypt:3)
  9 guardian mummies
  A death yak skeleton (Crypt:1)
  2 hydra zombies (Hell)
  28 merfolk
  A pale draconian skeleton (Crypt:1)
  2 sea snake skeletons (Hell)
  An alligator snapping turtle skeleton (Crypt:1)
  4 iron giant simulacra
  6 spectral harpies
  2 silent spectres
  9 red devils
  11 trolls
  A wolf spider simulacrum (D:15)
  A red draconian skeleton (Crypt:2)
  A hydra skeleton (Hell)
  2 tyrant leeches (Zot:2)
  4 polar bears
  A golden dragon simulacrum (Coc:7)
  7 hellwings (Pan)
  7 wind drakes
  11 hornets
  An alligator simulacrum (Hell)
  A raiju (Abyss:3)
  An iron dragon simulacrum (Coc:7)
  A spectral black mamba (Lair:5)
  A blink frog (Lair:2)
  A glass eye (Slime:5)
  A snapping turtle (shapeshifter) (Vaults:5)
  29 dream sheep
  13 snapping turtles
  2 harpy skeletons (Crypt:2)
  A stone giant simulacrum (Coc:5)
  A tarantella zombie (Crypt:2)
  A jumping spider (Vaults:3)
  54 slime creatures
  An ettin skeleton (Crypt:2)
  2 centaur simulacra
  26 water elementals
  18 spriggans
  14 ynoxinuls
  An air elemental (Elf:2)
  7 shadows
  5 dire elephant simulacra
  10 small abominations
  2 vampires
  3 wyverns
  An alligator snapping turtle simulacrum (Coc:3)
  6 golden eyes
  21 yaks
  16 wraiths
  A spectral komodo dragon (Lair:5)
  17 starcursed masses (Abyss:3)
  5 ushabtiu
  A sea snake simulacrum (Hell)
  10 wargs
  2 fire elementals (Elf:3)
  3 fire bats (Pan)
  11 basilisks
  8 neqoxecs
  A golden eye (shapeshifter) (Elf:1)
  10 vampire mosquitoes
  2 redbacks (Vaults:3)
  27 chaos spawn
  A naga (shapeshifter) (Abyss:3)
  2 steam dragons
  44 nagas
  18 harpy simulacra
  Edmund (D:4)
  2 acid dragons (D:11)
  17 water moccasins
  A merfolk skeleton (Crypt:2)
  3 hydra simulacra
  A spectral torpor snail (Lair:5)
  43 orc warriors
  7 black bears
  An ettin simulacrum (Coc:6)
  29 laughing skulls
  2 ice beasts (D:7)
  2 hornet zombies (D:8)
  A boulder beetle simulacrum (Lair:5)
  11 ogres
  4 boggarts (Lair:5)
  31 wolves
  32 centaurs
  2 lemures (D:5)
  4 phantoms
  A hog zombie (Crypt:2)
  A weeping skull (Crypt:3)
  A blink frog skeleton (Crypt:1)
  6 kobold brigands
  A vine stalker zombie (Crypt:2)
  A gnoll sergeant (D:10)
  4 brain worms (Pan)
  A cyclops zombie (Crypt:2)
  11 bullfrogs
  3 earth elementals
  4 necrophages (Crypt:3)
  2 scorpions
  4 burial acolytes (Crypt:3)
  18 wights
  4 lindwurm simulacra (IceCv)
  6 howler monkeys
  An electric eel (D:6)
  3 centaur zombies
  2 bombardier beetles
  7 komodo dragon simulacra (IceCv)
  3 hounds (D:6)
  14 jellies (Lair:4)
  A gnoll bouda (D:3)
  25 orc priests
  Crazy Yiuf (D:2)
  35 orc wizards
  Ijyb (D:4)
  A basilisk skeleton (Crypt:2)
  3 iguanas
  10 hell rats
  An acid dragon skeleton (Crypt:1)
  7 mummies
  2 howler monkey zombies (D:8)
  23 gnolls
  2 river rats (D:6)
  7 acid dragon simulacra (IceCv)
  5 adders
  3 shadow imps
  3 white imps
  7 ufetubi
  3 steam dragon simulacra (IceCv)
  A ribbon worm (D:4)
  133 orcs
  3 bats
  10 endoplasms
  4 giant cockroaches
  16 goblins
  12 hobgoblins
  6 jackals
  18 kobolds
  3 quokkas
  4 ball pythons
  7 frilled lizards
  7 rats
  5 creeping infernos
  2 lurking horrors (Geh:2)
  A starspawn tentacle (Abyss:3)
3659 creatures vanquished.

Vanquished Creatures (collateral kills)
  Gloorx Vloq (Pan)
  Ereshkigal (Tar:7)
  A dread lich (Crypt:3)
  Dispater (Dis:7)
  An ancient lich (Coc:6)
  A juggernaut (Dis:7)
  10 royal mummies
  A caustic shrike (Dis:5)
  A golden dragon (Zig:8)
  2 profane servitors
  A Tzitzimitl (Tar:7)
  A bone dragon (Tar:2)
  4 Hell Sentinels
  A Brimstone Fiend (Zig:5)
  2 iron giants (Dis:5)
  A hellephant (Zig:7)
  2 tentacled monstrosities (Pan)
  A shard shrike skeleton (Tomb:3)
  2 liches (Tomb:3)
  3 Orb Guardians (Zot:5)
  3 titans
  3 searing wretches
  A deep elf master archer (Crypt:3)
  3 ancient champions
  2 Executioners (Pan)
  7 acid blobs (Slime:5)
  4 quicksilver elementals
  A draconian monk (Zot:5)
  2 rockslimes (Slime:5)
  A protean progenitor (Pan)
  An azure jelly (Slime:5)
  2 narguns
  A fire giant (Crypt:3)
  2 balrugs
  A deep elf sorcerer (Zig:9)
  A frost giant (Tomb:3)
  A curse skull (Zig:9)
  3 iron dragons (Dis:7)
  A shard shrike simulacrum (Coc:4)
  A demonspawn corrupter (Pan)
  3 cacodemons (Pan)
  2 reapers (Pan)
  A demonspawn blood saint (Pan)
  5 very ugly things (Pan)
  A draconian annihilator (Zot:5)
  A caustic shrike skeleton (Pan)
  An eleionoma (Zig:8)
  A vampire knight (Zig:9)
  A black draconian (Zot:1)
  5 war gargoyles
  A red draconian (Tomb:3)
  2 yellow draconians
  An eidolon (Zig:9)
  2 iron golems
  5 mummy priests
  2 fire dragons (Pan)
  A spectral spriggan (Tar:2)
  3 vault guards (D:13)
  2 salamander tyrants (Geh:7)
  2 great orbs of eyes (Slime:5)
  A caustic shrike simulacrum (Coc:6)
  A juggernaut simulacrum (Coc:6)
  64 death scarabs (Tomb:3)
  2 sun demons (Pan)
  A soul eater (Pan)
  3 crystal echidnas (Dis:7)
  3 deep elf knights
  2 skeletal warriors
  2 sixfirhies (Pan)
  A shadow wraith (Tar:7)
  3 goliath frogs (Pan)
  A spectral bunyip (Tar:2)
  A spectral anaconda (Tar:2)
  4 shadow demons (Pan)
  A deep elf archer (Tomb:3)
  A spectral hydra (Tar:2)
  2 swamp dragons (Zig:8)
  A shadow dragon skeleton (Tomb:3)
  2 phantasmal warriors
  2 deep elf pyromancers
  A slime creature (Slime:5)
  An Executioner simulacrum (Pan)
  An orange demon (Pan)
  A large abomination (Pan)
  A centaur skeleton (Tomb:3)
  A hellion (Dis:5)
  A smoke demon (Pan)
  2 tormentors
  An anaconda simulacrum (Coc:4)
  30 guardian mummies
  2 ice devils (Pan)
  A red devil (Pan)
  A hellwing (Pan)
  A spectral harpy (Tar:2)
  2 ynoxinuls (Pan)
  2 ushabtiu (Tomb:3)
  2 neqoxecs (Pan)
  2 laughing skulls (Crypt:3)
  2 brain worms (Pan)
  9 mummies
283 creatures vanquished.

Vanquished Creatures (others)
  A draconian monk (Depths:4)
  2 demonspawn blood saints (Pan)
  A red draconian (Depths:4)
  A demonspawn black sun (Pan)
  A vault guard (D:13)
  2 caustic shrike simulacra (Coc:5)
  2 juggernaut simulacra
  A merfolk aquamancer (Shoals:4)
  3 quicksilver dragon simulacra
  A deep elf pyromancer (Elf:3)
  A harpy (Shoals:4)
  A spriggan simulacrum (Coc:4)
  An orange demon (Pan)
  A titan simulacrum (Coc:5)
  A rime drake (IceCv)
  2 iron dragon simulacra
  2 water elementals
  A wyvern (Lair:1)
  A dire elephant simulacrum (Coc:7)
  A wraith (Crypt:1)
  3 harpy simulacra
  A centaur (D:14)
  A naga simulacrum (Coc:4)
  4 hell rats
  An orc wizard (Vaults:5)
  An ufetubus (Abyss:3)
  2 orcs
  A kobold (D:13)
  15 ball lightnings (Pan)
  A creeping inferno (Geh:7)
  18 foxfires
  11 starspawn tentacles (Abyss:3)
  4 tentacles (Shoals:2)
90 creatures vanquished.

Grand Total: 4032 creatures vanquished

Notes
Turn   | Place    | Note
-------+----------+-------------------------------------------
     0 | D:1      | puimuR the Merfolk Conjurer began the quest for the Orb.
     0 | D:1      | Reached XP level 1. HP: 13/13 MP: 3/3
   167 | D:1      | Reached XP level 2. HP: 16/19 MP: 1/5
   170 | D:1      | Learned a level 2 spell: Searing Ray
   666 | D:1      | Reached XP level 3. HP: 24/24 MP: 2/6
   803 | D:2      | Found a runed translucent door.
   804 | D:2      | Noticed Crazy Yiuf
   937 | D:2      | Found a shimmering blue altar of Sif Muna.
  1087 | D:2      | Noticed Sigmund
  1272 | D:2      | Found a faded altar of an unknown god.
  1635 | D:3      | Reached XP level 4. HP: 30/30 MP: 1/8
  1740 | D:3      | Reached skill level 1 in Polearms
  1898 | D:5      | Entered Level 5 of the Dungeon
  2082 | D:4      | Noticed Edmund
  2342 | D:3      | Reached XP level 5. HP: 34/35 MP: 0/9
  2703 | D:5      | Noticed a lemure
  2862 | D:4      | Noticed Ijyb
  2878 | D:4      | Killed Ijyb
  2879 | D:4      | Reached skill level 1 in Fighting
  2899 | D:4      | Noticed a phantom
  2907 | D:4      | Killed a phantom
  2908 | D:4      | Reached XP level 6. HP: 37/45 MP: 0/10
  3275 | D:6      | Noticed a black bear
  3304 | D:5      | Found an ornate altar of the Wu Jian Council.
  3304 | D:5      | Found a blossoming altar of Fedhas.
  3324 | D:5      | Found a staircase to the Ecumenical Temple.
  3349 | D:5      | Noticed Pikel
  3483 | D:6      | Reached skill level 5 in Polearms
  3553 | D:6      | Reached skill level 1 in Armour
  3609 | D:6      | Found a shimmering altar of Xom.
  3647 | D:6      | Reached XP level 7. HP: 51/51 MP: 7/11
  3695 | Temple   | Entered the Ecumenical Temple
  3712 | Temple   | Became a worshipper of Warmaster Okawaru
  4400 | D:7      | Reached * piety under Okawaru
  4401 | D:7      | Reached XP level 8. HP: 50/58 MP: 1/12
  4563 | D:7      | Reached skill level 1 in Invocations
  4975 | D:7      | Reached ** piety under Okawaru
  5115 | D:7      | Reached skill level 5 in Fighting
  5253 | D:8      | Reached skill level 1 in Evocations
  5311 | D:8      | Noticed a yak
  5312 | D:8      | Noticed a yak
  5331 | D:8      | Noticed a yak
  5335 | D:8      | Killed a yak
  5336 | D:8      | Reached XP level 9. HP: 68/68 MP: 9/13
  5385 | D:8      | Found a flagged portal.
  5394 | Bailey   | Entered a bailey
  5654 | Bailey   | Reached skill level 1 in Throwing
  5769 | Bailey   | Noticed an orc knight
  5786 | Bailey   | Killed an orc knight
  5786 | Bailey   | Reached *** piety under Okawaru
  5787 | Bailey   | Reached skill level 10 in Polearms
  6184 | Bailey   | Identified the +4 war axe of Huhofal {venom, rPois Str+2}
  6185 | Bailey   | an orc warrior changed into a hornet
  6185 | Bailey   | Noticed a hornet
  6200 | Bailey   | Killed a hornet
  6201 | Bailey   | Reached XP level 10. HP: 56/74 MP: 7/14
  6248 | Bailey   | Noticed an orc warlord
  6347 | Bailey   | Found the +0 pair of fencer's gloves {Riposte Dex+3}
  6456 | D:8      | Found an opulent altar of Gozag.
  6464 | D:8      | Paralysed by a hornet for 3 turns
  6918 | D:8      | Reached skill level 5 in Dodging
  7071 | D:8      | Reached **** piety under Okawaru
  7817 | D:4      | Killed Edmund
  7931 | D:2      | Killed Crazy Yiuf
  8117 | D:7      | Found an ancient bone altar of Kikubaaqudgha.
  8125 | D:7      | Found a sacrificial altar of Ru.
  8230 | D:8      | Found a shimmering blue altar of Sif Muna.
  8526 | D:9      | Reached ***** piety under Okawaru
  8527 | D:9      | Reached XP level 11. HP: 80/86 MP: 9/15
  8544 | D:10     | Entered Level 10 of the Dungeon
  8735 | D:9      | Received a gift from Okawaru
  8817 | D:9      | Noticed a manticore
  8842 | D:9      | HP: 3/89 [manticore (5)]
  8843 | D:9      | Killed a manticore
  9044 | D:10     | Identified a scroll of acquirement
  9045 | D:10     | Acquired the +1 pair of boots of the Other Side {+Blink
                  | rPois Str+2 Stlth-}
  9209 | D:10     | Found a transporter.
  9212 | D:10     | Found a transporter.
  9222 | D:10     | Noticed Harold
  9334 | D:10     | Killed Harold
  9380 | D:10     | Found a transporter.
  9382 | D:10     | Found a transporter.
  9386 | D:10     | Found a staircase to the Lair.
  9555 | D:10     | Reached skill level 15 in Polearms
  9569 | D:10     | Received a gift from Okawaru
  9741 | D:10     | Found a transporter.
  9753 | D:10     | Found a transporter.
 10037 | D:11     | Identified the +8 falchion of Ruemeq {flame, *Rage rPois
                  | Str+5}
 10059 | D:11     | Reached XP level 12. HP: 79/96 MP: 16/16
 10069 | D:11     | Reached skill level 10 in Dodging
 10268 | D:11     | Found a staircase to the Orcish Mines.
 10278 | D:11     | Noticed a boulder beetle
 10299 | D:11     | Killed a boulder beetle
 10299 | D:11     | Received a gift from Okawaru
 10360 | D:11     | Found a shadowy altar of Dithmenos.
 10562 | D:12     | Noticed a two-headed ogre
 10585 | D:12     | Killed a two-headed ogre
 10586 | D:12     | Reached skill level 5 in Invocations
 10789 | D:12     | Found Kifuanty's Magic Scroll Shoppe.
 10896 | D:12     | Found Etseumn's Mayhem Merchandise.
 10934 | D:13     | Received a gift from Okawaru
 10978 | D:13     | Noticed a vault guard
 10978 | D:13     | Noticed a vault guard
 10978 | D:13     | Noticed a vault guard
 10979 | D:13     | Found a gate to the Vaults.
 10979 | D:13     | Noticed a vault guard
 10979 | D:13     | Noticed a vault guard
 10980 | D:13     | Noticed a vault guard
 10983 | D:13     | Killed a vault guard
 10987 | D:13     | Killed a vault guard
 10989 | D:13     | Noticed a vault guard
 10989 | D:13     | Killed a vault guard
 10992 | D:13     | Noticed a vault guard
 10994 | D:13     | Killed a vault guard
 10998 | D:13     | Killed a vault guard
 11002 | D:13     | Killed a vault guard
 11002 | D:13     | Received a gift from Okawaru
 11011 | D:13     | Killed a vault guard
 11020 | D:13     | Killed a vault guard
 11035 | D:13     | Reached XP level 13. HP: 101/101 MP: 19/19
 11294 | D:13     | Reached skill level 15 in Dodging
 11294 | D:13     | Reached XP level 14. HP: 113/113 MP: 20/20
 11468 | D:13     | Received a gift from Okawaru
 11652 | D:14     | Noticed a frost giant
 11828 | Orc:1    | Entered Level 1 of the Orcish Mines
 11877 | Orc:1    | Noticed an orc warlord
 11926 | Orc:1    | Found Kuefoakh's Assorted Antiques.
 11949 | Orc:1    | Killed an orc warlord
 11976 | Orc:1    | Noticed an orc warlord
 12068 | Orc:1    | Killed an orc warlord
 12126 | D:11     | Received a gift from Okawaru
 12168 | Orc:1    | Paralysed by an orc sorcerer for 2 turns
 12298 | Orc:1    | Noticed an orc warlord
 12390 | Orc:1    | Killed an orc warlord
 12601 | Orc:2    | Entered Level 2 of the Orcish Mines
 12721 | Orc:2    | Found a staircase to the Elven Halls.
 12783 | Orc:2    | Noticed an orc warlord
 12816 | Orc:1    | Killed an orc warlord
 12883 | Orc:2    | Paralysed by an orc sorcerer for 5 turns
 12891 | Orc:2    | Received a gift from Okawaru
 13179 | Orc:2    | Noticed Snorg
 13207 | Orc:2    | Killed Snorg
 13527 | Orc:2    | Noticed an orc warlord
 13615 | Orc:2    | Reached ****** piety under Okawaru
 13663 | Orc:2    | Received a gift from Okawaru
 13707 | Orc:2    | Killed an orc warlord
 13708 | Orc:2    | Reached XP level 15. HP: 106/126 MP: 21/21
 13731 | Orc:2    | Acquired the +3 pair of gauntlets of War {Slay+5}
 13731 | Orc:2    | Received a gift from Okawaru
 13731 | Orc:2    | Found the +3 pair of gauntlets of War {Slay+5}
 13744 | Orc:2    | Acquired a +1 vampiric bardiche
 13744 | Orc:2    | Received a gift from Okawaru
 14013 | Orc:2    | Found Juddich's General Store.
 14014 | Orc:2    | Found Ripauph's Book Shoppe.
 14015 | Orc:2    | Found Wyalere's Antique Armour Emporium.
 14015 | Orc:2    | Found Nyqiexei's Antique Weapon Emporium.
 14031 | Orc:2    | Bought a scroll of teleportation for 36 gold pieces
 14032 | Orc:2    | Bought a book of Minor Magic for 272 gold pieces
 14035 | Orc:2    | Learned a level 2 spell: Blink
 14036 | Orc:2    | Bought a wand of roots (6) for 172 gold pieces
 14107 | Orc:2    | Bought a jewelled scale mail for 279 gold pieces
 14107 | Orc:2    | Identified the +1 scale mail of the Realm of Zot {rN+} (You
                  | bought it in a shop on level 2 of the Orcish Mines)
 14108 | Orc:2    | Bought a glowing trident for 162 gold pieces
 14108 | Orc:2    | Bought a glowing halberd for 175 gold pieces
 14218 | Elf:1    | Entered Level 1 of the Elven Halls
 14272 | Orc:1    | Bought a pair of steaming boots for 323 gold pieces
 14272 | Orc:1    | Identified the +1 pair of boots of the Bulwark {rElec Str-3
                  | Stlth+} (You bought it in a shop on level 1 of the Orcish
                  | Mines)
 14366 | Lair:1   | Entered Level 1 of the Lair of Beasts
 14415 | Lair:1   | Reached skill level 1 in Translocations
 14913 | Lair:3   | Noticed oldnick's ghost (journeyman OpEE)
 14914 | Lair:3   | Found a bloodstained altar of Trog.
 14918 | Lair:3   | Found a transporter.
 14921 | Lair:3   | Found a transporter.
 14923 | Lair:3   | Identified the ring of Kikubaaqudgha's Favour {rC+ Str+4
                  | SInv}
 14969 | Lair:3   | Killed oldnick's ghost
 15091 | Lair:3   | Noticed Gastronok
 15111 | Lair:3   | Killed Gastronok
 15130 | Lair:3   | Found a frozen archway.
 15172 | IceCv    | Entered an ice cave
 15344 | IceCv    | Reached skill level 5 in Evocations
 15889 | Lair:5   | Entered Level 5 of the Lair of Beasts
 16057 | Lair:5   | Found a runed translucent gate.
 16057 | Lair:5   | Found a runed translucent gate.
 16057 | Lair:5   | Found a runed translucent gate.
 16057 | Lair:5   | Noticed beef's ghost (journeyman DrSh)
 16084 | Lair:5   | Received a gift from Okawaru
 16085 | Lair:5   | Reached skill level 1 in Shields
 16394 | Lair:5   | Got an earthy gem with 2196 turns to spare
 16451 | Lair:5   | Reached skill level 5 in Shields
 16645 | Lair:5   | Reached XP level 16. HP: 122/133 MP: 22/22
 16909 | Lair:5   | Received a gift from Okawaru
 16947 | Lair:5   | Killed beef's ghost
 17100 | Lair:4   | Found a staircase to the Slime Pits.
 17213 | Lair:3   | Found a staircase to the Snake Pit.
 17279 | Snake:1  | Entered Level 1 of the Snake Pit
 17306 | Lair:3   | Found a staircase to the Shoals.
 17367 | Shoals:1 | Entered Level 1 of the Shoals
 17524 | Shoals:1 | Found a transporter.
 17524 | Shoals:1 | Found Ivugi's Antique Weapon Shop.
 17586 | Shoals:1 | Found a transporter.
 17611 | Shoals:1 | Found Guidd's Magic Scroll Shoppe.
 17639 | Shoals:1 | Bought a scroll of teleportation for 33 gold pieces
 17639 | Shoals:1 | Bought a scroll of fog for 44 gold pieces
 17639 | Shoals:1 | Bought a scroll of teleportation for 33 gold pieces
 17639 | Shoals:1 | Bought a scroll of teleportation for 33 gold pieces
 17639 | Shoals:1 | Bought a scroll of enchant weapon for 82 gold pieces
 17901 | Shoals:2 | Noticed Polyphemus
 17918 | Shoals:1 | Found Duchua Femi's Jewellery Shop.
 17931 | Shoals:1 | Acquired the scarf of Beogh, Bespelling {repulsion, rF++
                  | rC+ SInv}
 17973 | Shoals:1 | Received a gift from Okawaru
 18312 | Shoals:2 | Noticed a kraken
 18327 | Shoals:2 | Killed a kraken
 18370 | Shoals:1 | Reached skill level 5 in Translocations
 18428 | Shoals:2 | Killed Polyphemus
 18590 | Shoals:2 | Received a gift from Okawaru
 18810 | Shoals:3 | Noticed Mlioglotl
 18839 | Shoals:2 | Reached XP level 17. HP: 140/140 MP: 23/23
 19159 | Shoals:4 | Entered Level 4 of the Shoals
 19256 | Shoals:4 | Found the +4 Cigotuvi's embrace {Corpsefed rMiasma ^Drain
                  | rN+}
 19267 | Shoals:4 | Reached skill level 15 in Fighting
 19430 | Shoals:4 | Received a gift from Okawaru
 20044 | Shoals:4 | Received a gift from Okawaru
 20284 | Shoals:4 | Got a barnacled rune of Zot
 20573 | Lair:3   | Reached XP level 18. HP: 64/153 MP: 17/24
 20765 | Snake:1  | Received a gift from Okawaru
 20963 | Snake:2  | Identified the amulet "Subludet" {RegenMP Rampage ^Drain
                  | +Inv SInv}
 21241 | Snake:1  | Identified the +8 short sword of Cuuschyi {freeze, *Rage
                  | rN+++ rCorr Str+3}
 21338 | Snake:1  | Found Ivvib's Self-Improvement Boutique.
 21470 | Snake:3  | Reached skill level 10 in Shields
 21485 | Snake:3  | Received a gift from Okawaru
 21508 | Snake:3  | Reached skill level 5 in Armour
 21727 | Snake:4  | Entered Level 4 of the Snake Pit
 21769 | Snake:4  | Identified the +0 scale mail of Fashionability {rElec rF+++
                  | rCorr Str-2}
 21885 | Snake:4  | Reached skill level 10 in Invocations
 22092 | Snake:4  | Received a gift from Okawaru
 22580 | Snake:4  | Reached XP level 19. HP: 159/159 MP: 27/27
 22631 | Snake:4  | Got a jade gem with 478 turns to spare
 22666 | Snake:4  | Got a serpentine rune of Zot
 23025 | Snake:3  | Received a gift from Okawaru
 23235 | Lair:1   | Found the +1 robe of Vines {NoPotionHeal Regen++++}
 23396 | D:15     | Entered Level 15 of the Dungeon
 23483 | D:12     | Bought a scroll of enchant weapon for 120 gold pieces
 23483 | D:12     | Bought a scroll of blinking for 120 gold pieces
 23483 | D:12     | Bought a scroll of fear for 64 gold pieces
 23483 | D:12     | Bought a scroll of teleportation for 48 gold pieces
 23538 | D:14     | Found Kyacs's Antique Weapon Boutique.
 23899 | D:15     | Received a gift from Okawaru
 24323 | D:15     | Found a staircase to the Depths.
 24351 | Depths:1 | Entered Level 1 of the Depths
 24351 | Depths:1 | Noticed Agnes
 24351 | Depths:1 | Noticed Rupert
 24351 | Depths:1 | Noticed Asterion
 24549 | Vaults:1 | Entered Level 1 of the Vaults
 24915 | Orc:2    | Received a gift from Okawaru
 24977 | Elf:1    | Found a radiant altar of Vehumet.
 25114 | Elf:3    | Entered Level 3 of the Elven Halls
 25431 | Abyss:2  | Found a corrupted altar of Lugonu.
 25431 | Abyss:2  | Cast into level 2 of the Abyss (a deep elf sorcerer)
 25613 | Abyss:3  | Found a corrupted altar of Lugonu.
 25816 | Elf:3    | Escaped the Abyss
 25820 | Elf:3    | Received a gift from Okawaru
 25943 | Elf:2    | Paralysed by an air elemental for 1 turns
 26089 | Elf:1    | Reached XP level 20. HP: 171/172 MP: 28/28
 26594 | Elf:3    | Found the +3 Mad Mage's Maulers {Infuse+∞ VampMP -Cast}
 26795 | Elf:3    | Received a gift from Okawaru
 26946 | Elf:3    | Identified the +2 dagger of Xowur {speed, rCorr MP+9 Str-3
                  | Int+4}
 26946 | Elf:3    | Identified the +1 leather armour of Goel {*Slow Str+8 Int-5
                  | SInv}
 27336 | Elf:3    | Identified the ring "Leme" {rF+ rN+ SInv}
 27351 | Elf:3    | Identified the +5 hand axe "Roggaem" {flame, rN+}
 27429 | Elf:3    | Identified the ring "Fiputhril" {rPois rF- Str+6 Int+7
                  | Dex-2}
 27436 | Elf:3    | Got the Spellbook of Brumal Thunder
 27449 | Elf:3    | Got the Compilation of the Thirsty Nightingales
 27483 | Elf:3    | Found the +3 crown of Dyrovepreva {rElec Int+2 SInv}
 28222 | Vaults:2 | Received a gift from Okawaru
 28235 | Vaults:2 | Reached skill level 15 in Shields
 28535 | Vaults:2 | Found a staircase to the Crypt.
 28535 | Vaults:2 | Found an ancient bone altar of Kikubaaqudgha.
 28536 | Vaults:2 | Found a basalt altar of Yredelemnul.
 28899 | Vaults:2 | Received a gift from Okawaru
 29230 | Vaults:4 | Reached XP level 21. HP: 167/180 MP: 29/29
 29594 | Vaults:4 | Found a transporter.
 29629 | Vaults:4 | Found a transporter.
 29862 | Vaults:4 | Received a gift from Okawaru
 30596 | Vaults:4 | Received a gift from Okawaru
 30627 | Vaults:4 | Identified the ring "Verorph" {MP+9 Int+3 Dex+3}
 30640 | Vaults:4 | Identified the ring "Ceotuat" {rC+ Will+}
 30644 | Vaults:4 | Identified the ring of Fuol {^Drain rElec EV+5 Int+5}
 30727 | Vaults:5 | Entered Level 5 of the Vaults
 31119 | Vaults:3 | Reached skill level 10 in Armour
 31125 | Vaults:3 | Received a gift from Okawaru
 31373 | Vaults:5 | Noticed a dread lich
 31438 | Vaults:4 | Killed a dread lich
 31466 | Vaults:5 | Reached XP level 22. HP: 190/190 MP: 28/30
 31829 | Vaults:5 | Got the Elucidation of the Charnel House and the Throng
 32040 | Vaults:5 | Learned a level 4 spell: Manifold Assault
 32045 | Vaults:5 | Learned a level 4 spell: Vhi's Electric Charge
 32095 | Vaults:5 | Identified the +2 robe "Yleotylue" {Str+5 Dex-5}
 32121 | Vaults:5 | Got a silver rune of Zot
 32145 | Vaults:5 | Identified the ring "Wadid" {rC+ rN+}
 32206 | Vaults:5 | Noticed a golden dragon
 32226 | Vaults:5 | Killed a golden dragon
 32229 | Vaults:5 | Received a gift from Okawaru
 32309 | Vaults:5 | Learned a level 1 spell: Apportation
 32475 | Vaults:5 | Found Puarphemo's Distillery.
 32480 | Vaults:5 | Bought a potion of resistance for 220 gold pieces
 32480 | Vaults:5 | Bought a potion of heal wounds for 110 gold pieces
 32480 | Vaults:5 | Bought a potion of curing for 66 gold pieces
 32480 | Vaults:5 | Bought a potion of mutation for 176 gold pieces
 32480 | Vaults:5 | Bought a potion of mutation for 176 gold pieces
 32480 | Vaults:5 | Bought a potion of mutation for 176 gold pieces
 32620 | Vaults:5 | Found Kangugoe's Distillery.
 32620 | Vaults:5 | Found Kufav's Magic Scroll Shop.
 32631 | Vaults:5 | Bought a scroll of enchant armour for 75 gold pieces
 32631 | Vaults:5 | Bought a scroll of silence for 95 gold pieces
 32631 | Vaults:5 | Bought a scroll of enchant armour for 75 gold pieces
 32638 | Vaults:5 | Bought a potion of ambrosia for 96 gold pieces
 32638 | Vaults:5 | Bought a potion of curing for 36 gold pieces
 32638 | Vaults:5 | Bought a potion of curing for 36 gold pieces
 32638 | Vaults:5 | Bought a potion of berserk rage for 60 gold pieces
 32638 | Vaults:5 | Bought a potion of haste for 120 gold pieces
 32638 | Vaults:5 | Bought a potion of invisibility for 96 gold pieces
 32638 | Vaults:5 | Bought a potion of heal wounds for 60 gold pieces
 32638 | Vaults:5 | Bought a potion of lignification for 36 gold pieces
 32638 | Vaults:5 | Bought a potion of curing for 36 gold pieces
 32847 | Vaults:5 | Identified the +1 scale mail "Ekuymn" {+Blink rPois}
 33072 | D:13     | Acquired the ring of Teubiuw {+Blink Fly}
 33185 | D:15     | Killed Rupert
 33189 | D:15     | Killed Agnes
 33292 | D:15     | Killed Asterion
 33373 | Depths:1 | Found an opulent altar of Gozag.
 33613 | Depths:2 | Found a sparkling altar of Nemelex Xobeh.
 33645 | Depths:2 | Reached XP level 23. HP: 196/196 MP: 31/31
 33693 | Depths:4 | Entered Level 4 of the Depths
 33693 | Depths:4 | Noticed a caustic shrike
 33712 | Depths:3 | Killed a caustic shrike
 33736 | Depths:4 | Noticed a caustic shrike
 33738 | Depths:4 | Noticed a caustic shrike
 33741 | Depths:4 | Noticed a caustic shrike
 33758 | Depths:3 | Killed a caustic shrike
 33928 | Depths:2 | Found Teyhuev's Book Boutique.
 34047 | Depths:2 | Received a gift from Okawaru
 34530 | Depths:1 | Identified the +0 leather armour of a wizard's laboratory
                  | {Str+3}
 34548 | Depths:1 | Found a gateway to Hell.
 34738 | Depths:2 | Found a one-way gate leading to the halls of Pandemonium.
 34997 | Depths:3 | Killed a caustic shrike
 35009 | Depths:3 | Killed a caustic shrike
 35043 | Depths:4 | Found a one-way gate to the infinite horrors of the Abyss.
 35044 | Depths:4 | Noticed a juggernaut
 35044 | Abyss:3  | Found a corrupted altar of Lugonu.
 35044 | Abyss:3  | Cast into level 3 of the Abyss (a deep elf demonologist)
 35143 | Abyss:3  | Gained mutation: You are frail. (-10% HP) [a neqoxec]
 35146 | Abyss:3  | Found a corrupted altar of Lugonu.
 35148 | Abyss:3  | Found a corrupted altar of Lugonu.
 35356 | Abyss:3  | Received a gift from Okawaru
 35503 | Abyss:3  | Got an abyssal rune of Zot
 35506 | Abyss:3  | Paralysed by accursed screaming for 1 turns
 35514 | Depths:4 | Escaped the Abyss
 35537 | Depths:3 | Killed a juggernaut
 35578 | Abyss:3  | Cast into level 3 of the Abyss (an occultist)
 35587 | Abyss:3  | Found a corrupted altar of Lugonu.
 35672 | Depths:4 | Escaped the Abyss
 35826 | Depths:4 | Got Plog's Treatise on Horrible Minerals
 35908 | Depths:4 | Received a gift from Okawaru
 35922 | Depths:4 | Found a one-way gateway to a ziggurat.
 35937 | Depths:4 | Lost mutation: You are frail. (-10% HP) [potion of
                  | mutation]
 35937 | Depths:4 | Gained mutation: You are weak. (Str -2) [potion of
                  | mutation]
 35937 | Depths:4 | Gained mutation: Your spells are a little harder to cast,
                  | but a little more powerful. [potion of mutation]
 35937 | Depths:4 | Gained mutation: Your movements are slightly less
                  | encumbered by armour. (ER -2) [potion of mutation]
 35957 | Zig:1    | Entered Level 1 of a ziggurat
 36052 | Zig:2    | Entered Level 2 of a ziggurat
 36076 | Zig:3    | Entered Level 3 of a ziggurat
 36158 | Zig:4    | Entered Level 4 of a ziggurat
 36158 | Zig:4    | Noticed a Killer Klown
 36162 | Zig:4    | Found the +3 greatsling "Punk" {acid, rCorr}
 36198 | Zig:4    | Killed a Killer Klown
 36208 | Zig:5    | Entered Level 5 of a ziggurat
 36286 | Zig:6    | Entered Level 6 of a ziggurat
 36313 | Zig:6    | Reached XP level 24. HP: 195/204 MP: 29/31
 36339 | Zig:6    | Reached skill level 10 in Translocations
 36339 | Zig:6    | Reached XP level 25. HP: 210/210 MP: 31/31
 36355 | Zig:7    | Entered Level 7 of a ziggurat
 36409 | Zig:7    | Found the +7 mace of Variability {chaos, chaos arc}
 36415 | Zig:7    | Identified the +4 war axe "Jiw Ycs" {freeze, rN+ Will+}
 36427 | Zig:8    | Entered Level 8 of a ziggurat
 36465 | Zig:8    | Gained mutation: You occasionally lose the ability to drink
                  | potions when taking damage. [a shining eye]
 36489 | Zig:8    | Gained mutation: Your mind is acute. (Int +4, Str/Dex -1)
                  | [a shining eye]
 36510 | Zig:8    | Identified the ring "Techosou" {Ice rPois Str-5 Dex+4}
 36520 | Zig:9    | Entered Level 9 of a ziggurat
 36530 | Zig:9    | Noticed a dread lich
 36563 | Zig:9    | Killed a dread lich
 36621 | Zig:9    | Reached XP level 26. HP: 218/218 MP: 31/31
 36625 | Zig:9    | Reached XP level 27. HP: 224/224 MP: 29/31
 36642 | Depths:4 | Found Qebol's Magic Scroll Boutique.
 36643 | Depths:4 | Noticed Boris
 36649 | Depths:4 | Bought a scroll of enchant armour for 112 gold pieces
 36649 | Depths:4 | Bought a scroll of revelation for 112 gold pieces
 36649 | Depths:4 | Bought a scroll of blinking for 112 gold pieces
 37140 | D:5      | Killed Pikel
 37195 | Temple   | Fell from the grace of Okawaru
 37195 | Temple   | Became a worshipper of the Shining One
 37429 | Crypt:1  | Entered Level 1 of the Crypt
 37469 | Crypt:1  | Reached * piety under the Shining One
 37493 | Crypt:1  | Reached skill level 1 in Air Magic
 37775 | Crypt:1  | Reached ** piety under the Shining One
 38022 | Crypt:3  | Entered Level 3 of the Crypt
 38068 | Crypt:2  | Reached *** piety under the Shining One
 38275 | Crypt:2  | Reached **** piety under the Shining One
 38444 | Crypt:1  | Reached ***** piety under the Shining One
 38495 | Crypt:2  | Reached skill level 5 in Air Magic
 38525 | Crypt:2  | Reached skill level 27 in Dodging
 38902 | Crypt:3  | Found an ancient bone altar of Kikubaaqudgha.
 38928 | Crypt:3  | Reached ****** piety under the Shining One
 39101 | Crypt:3  | Identified the +1 battleaxe of the Tired Hosts {flame,
                  | Str+3}
 39125 | Crypt:3  | Got Adohie's Omnibus of the Grave
 39156 | Crypt:3  | Reached skill level 5 in Throwing
 39783 | Crypt:3  | Got the Enchiridion on the Blaze and the Ouroboros
 39863 | Crypt:3  | Noticed a dread lich
 39875 | Crypt:3  | Paralysed by a dread lich for 5 turns
 39888 | Crypt:3  | Killed a dread lich
 39967 | Crypt:3  | Found a staircase to the Tomb.
 39970 | Crypt:3  | Found the +13 scythe of Curses {drain, curses, ^Drain}
 39994 | Crypt:3  | Learned a level 6 spell: Dispersal
 39995 | Tomb:1   | Entered Level 1 of the Tomb of the Ancients
 40312 | Tomb:1   | Noticed a royal mummy
 40328 | Tomb:1   | Identified a +9 trishula of holy wrath (a +8 demon trident
                  | of freezing blessed by the Shining One)
 40328 | Tomb:1   | Received a gift from the Shining One
 40344 | Tomb:1   | Killed a royal mummy
 40408 | Tomb:1   | Found the -2 hat of the Alchemist {rElec rPois rF+ rC+ rN+
                  | Will+ rMut rCorr}
 40441 | Tomb:2   | Noticed a royal mummy
 40445 | Tomb:2   | Noticed a royal mummy
 40454 | Tomb:2   | Noticed a royal mummy
 40720 | Tomb:3   | Entered Level 3 of the Tomb of the Ancients
 40737 | Tomb:3   | Found the amulet of Vitality {RegenMP++ Regen++}
 40785 | Tomb:3   | Noticed a royal mummy
 40788 | Tomb:3   | Killed a royal mummy
 40793 | Tomb:3   | Noticed a royal mummy
 40795 | Tomb:3   | Killed a royal mummy
 40797 | Tomb:3   | Identified the ring "Vogieddyit" {Fly rElec}
 40813 | Tomb:3   | Reached skill level 15 in Invocations
 40813 | Tomb:3   | Noticed a royal mummy
 40814 | Tomb:3   | Killed a royal mummy
 40818 | Tomb:3   | Noticed a royal mummy
 40820 | Tomb:3   | Killed a royal mummy
 40821 | Tomb:3   | Noticed a royal mummy
 40822 | Tomb:3   | Killed a royal mummy
 40825 | Tomb:3   | Noticed a royal mummy
 40826 | Tomb:3   | Killed a royal mummy
 40827 | Tomb:3   | Noticed a royal mummy
 40828 | Tomb:3   | Killed a royal mummy
 40834 | Tomb:3   | Noticed a royal mummy
 40837 | Tomb:3   | Killed a royal mummy
 40838 | Tomb:3   | Reached skill level 5 in Spellcasting
 40858 | Tomb:3   | Identified the beast talisman "Wogrera" {*Slow rElec Dex+5}
 40896 | Tomb:3   | Noticed a royal mummy
 40901 | Tomb:3   | Killed a royal mummy
 40941 | Tomb:3   | Got Otygh's Quarto of the Enchanted Morgue
 41014 | Tomb:3   | Got a golden rune of Zot
 41014 | Tomb:3   | Got a sanguine gem with 698 turns to spare
 41957 | Zig:1    | Entered Level 1 of a ziggurat
 41985 | Zig:2    | Entered Level 2 of a ziggurat
 42018 | Zig:3    | Entered Level 3 of a ziggurat
 42041 | Zig:4    | Entered Level 4 of a ziggurat
 42090 | Zig:4    | Identified the +3 leather armour of a bazaar {Dex+3}
 42093 | Zig:5    | Entered Level 5 of a ziggurat
 42120 | Zig:5    | Identified the amulet of Mirth {Acrobat +Inv rElec rC+ rN+}
 42228 | Zig:6    | Entered Level 6 of a ziggurat
 42315 | Zig:7    | Entered Level 7 of a ziggurat
 42333 | Zig:7    | Reached skill level 15 in Armour
 42376 | Zig:8    | Entered Level 8 of a ziggurat
 42404 | Zig:8    | Paralysed by a fenstrider witch for 4 turns
 42479 | Zig:8    | Identified the staff of Reapportionment {rPois Conj}
 42481 | Zig:9    | Entered Level 9 of a ziggurat
 42510 | Zig:9    | Reached skill level 10 in Air Magic
 42535 | Zig:9    | Identified the +0 tower shield "Zasatisumych" {Fly Regen+}
 42543 | Zig:9    | Was forgiven by Okawaru
 42581 | Zig:9    | Got the Atlas of Chilled Bringing Forth
 42621 | Depths:2 | Lost mutation: You are weak. (Str -2) [potion of mutation]
 42621 | Depths:2 | Lost mutation: Your spells are a little harder to cast, but
                  | a little more powerful. [potion of mutation]
 42621 | Depths:2 | Gained mutation: You are agile. (Dex +4, Str/Int -1)
                  | [potion of mutation]
 42621 | Depths:2 | Gained mutation: You have a pair of small antennae on your
                  | head. [potion of mutation]
 42621 | Depths:2 | Gained mutation: You are robust. (+10% HP) [potion of
                  | mutation]
 42624 | Pan      | Entered Pandemonium
 42624 | Pan      | Found an exit through the horrors of the Abyss.
 43022 | Pan      | Noticed Xumnu the pandemonium lord
 43068 | Pan      | Found an exit through the horrors of the Abyss.
 43231 | Pan      | Killed Xumnu the pandemonium lord
 43393 | Pan      | Found a transporter.
 43540 | Pan      | Found an exit through the horrors of the Abyss.
 43647 | Pan      | Found a huge runed translucent gate.
 43647 | Pan      | Found a huge runed translucent gate.
 43709 | Pan      | Found a huge runed translucent gate.
 43709 | Pan      | Found a huge runed translucent gate.
 43709 | Pan      | Found a huge runed translucent gate.
 43709 | Pan      | Found a huge runed translucent gate.
 43709 | Pan      | Found a huge runed translucent gate.
 43791 | Pan      | Found an exit through the horrors of the Abyss.
 43819 | Pan      | Gained mutation: You sometimes lose the ability to drink
                  | potions when taking damage. [a cacodemon]
 43821 | Pan      | Lost mutation: Your mind is acute. (Int +4, Str/Dex -1) [a
                  | cacodemon]
 43954 | Pan      | Noticed Yblyjor the pandemonium lord
 43957 | Pan      | Got a demonic rune of Zot
 44352 | Pan      | Noticed Gien the pandemonium lord
 44376 | Pan      | Killed Gien the pandemonium lord
 44465 | Pan      | Entered the realm of Mnoleg.
 44467 | Pan      | Gained mutation: Your magical capacity is low. (-10% MP) [a
                  | neqoxec]
 44482 | Pan      | Lost mutation: You are robust. (+10% HP) [a cacodemon]
 44546 | Pan      | Noticed Mnoleg
 44613 | Pan      | Killed Mnoleg
 44724 | Pan      | Got a glowing rune of Zot
 44795 | Pan      | Lost mutation: You are agile. (Dex +4, Str/Int -1) [potion
                  | of mutation]
 44795 | Pan      | Lost mutation: Your movements are slightly less encumbered
                  | by armour. (ER -2) [potion of mutation]
 44795 | Pan      | Gained mutation: Your skin changes colour to match your
                  | surroundings (Stealth+). [potion of mutation]
 44795 | Pan      | Gained mutation: You are strong-willed. (Will+) [potion of
                  | mutation]
 44796 | Pan      | Lost mutation: You are strong-willed. (Will+) [potion of
                  | mutation]
 44796 | Pan      | Lost mutation: Your magical capacity is low. (-10% MP)
                  | [potion of mutation]
 44796 | Pan      | Gained mutation: Your system is resistant to poisons.
                  | (rPois) [potion of mutation]
 44797 | Pan      | Lost mutation: You sometimes lose the ability to drink
                  | potions when taking damage. [potion of mutation]
 44797 | Pan      | Lost mutation: You have a pair of small antennae on your
                  | head. [potion of mutation]
 44797 | Pan      | Gained mutation: You are robust. (+10% HP) [potion of
                  | mutation]
 44797 | Pan      | Gained mutation: You possess an exceptional clarity of
                  | mind. [potion of mutation]
 44803 | Pan      | Noticed Kaukhluzepn the pandemonium lord
 44810 | Pan      | Entered the realm of Cerebov.
 45223 | Pan      | Found the +6 sword of Cerebov {flame}
 45223 | Pan      | Noticed Cerebov
 45507 | Pan      | Identified the staff "Ivimekix" {Fly rF- rC+ Str-4 Ice
                  | Alchemy}
 45525 | Pan      | Killed Cerebov
 45545 | Pan      | Got a fiery rune of Zot
 45593 | Pan      | Identified the amulet "Plog" {Spirit Dex+3 SInv}
 45595 | Pan      | Identified the ring "Binexeth" {rCorr Str+4}
 45607 | Pan      | Identified the ring of Giwnisab {rF+ rN+ Str+3 Dex+6}
 45630 | Pan      | Identified the amulet "Jolethal" {Reflect +Inv rElec Int-5
                  | SH+5}
 45785 | Pan      | Found a huge runed translucent gate.
 45793 | Pan      | Found a huge runed translucent gate.
 45794 | Pan      | Found a huge runed translucent gate.
 45794 | Pan      | Found a huge runed translucent gate.
 45794 | Pan      | Found a huge runed translucent gate.
 45794 | Pan      | Found a huge runed translucent gate.
 45794 | Pan      | Found a huge runed translucent gate.
 45794 | Pan      | Found a huge runed translucent gate.
 45795 | Pan      | Found a huge runed translucent gate.
 45795 | Pan      | Found a huge runed translucent gate.
 45795 | Pan      | Found a huge runed translucent gate.
 45795 | Pan      | Found a huge runed translucent gate.
 45795 | Pan      | Found a huge runed translucent gate.
 45841 | Pan      | Reached skill level 15 in Translocations
 45849 | Pan      | Lost mutation: You are robust. (+10% HP) [a neqoxec]
 45868 | Pan      | Noticed Gebeasmui the pandemonium lord
 45893 | Pan      | Killed Gebeasmui the pandemonium lord
 46275 | Pan      | Found an exit through the horrors of the Abyss.
 46368 | Pan      | Entered the realm of Gloorx Vloq.
 46734 | Pan      | Noticed Gloorx Vloq
 46762 | Pan      | Killed Gloorx Vloq
 46814 | Pan      | Got a dark rune of Zot
 46975 | Pan      | Gained mutation: You are frail. (-10% HP) [a cacodemon]
 47244 | Pan      | Found an exit through the horrors of the Abyss.
 47424 | Pan      | Entered the realm of Lom Lobon.
 47505 | Pan      | Lost mutation: You possess an exceptional clarity of mind.
                  | [potion of mutation]
 47505 | Pan      | Lost mutation: You are frail. (-10% HP) [potion of
                  | mutation]
 47505 | Pan      | Lost mutation: You occasionally lose the ability to drink
                  | potions when taking damage. [potion of mutation]
 47505 | Pan      | Gained mutation: You occasionally lose the ability to drink
                  | potions when taking damage. [potion of mutation]
 47506 | Pan      | Lost mutation: Your skin changes colour to match your
                  | surroundings (Stealth+). [potion of mutation]
 47506 | Pan      | Lost mutation: Your system is resistant to poisons. (rPois)
                  | [potion of mutation]
 47506 | Pan      | Gained mutation: You are partially covered in large bone
                  | plates. (SH +4) [potion of mutation]
 47797 | Pan      | Noticed Lom Lobon
 47853 | Pan      | Killed Lom Lobon
 47880 | Pan      | Got a magical rune of Zot
 47911 | Pan      | Learned a level 3 spell: Swiftness
 48071 | Pan      | Noticed Vistre the pandemonium lord
 48093 | Pan      | Killed Vistre the pandemonium lord
 48259 | Pan      | Found an exit through the horrors of the Abyss.
 48269 | Pan      | Took an exit into the Abyss.
 48269 | Abyss:3  | Escaped into the Abyss
 48301 | Depths:2 | Escaped the Abyss
 48620 | Slime:1  | Entered Level 1 of the Pits of Slime
 48827 | Slime:5  | Entered Level 5 of the Pits of Slime
 48898 | Slime:5  | Noticed the Royal Jelly
 49145 | Slime:4  | Gained mutation: You are frail. (-10% HP) [a shining eye]
 49215 | Slime:4  | Lost mutation: You occasionally lose the ability to drink
                  | potions when taking damage. [potion of mutation]
 49215 | Slime:4  | Lost mutation: You are frail. (-10% HP) [potion of
                  | mutation]
 49215 | Slime:4  | Lost mutation: You are partially covered in large bone
                  | plates. (SH +4) [potion of mutation]
 49215 | Slime:4  | Gained mutation: You are dopey. (Int -2) [potion of
                  | mutation]
 49215 | Slime:4  | Gained mutation: You have a pair of small horns on your
                  | head. [potion of mutation]
 49215 | Slime:4  | Gained mutation: Your spells are a little harder to cast,
                  | but a little more powerful. [potion of mutation]
 49215 | Slime:4  | Gained mutation: You are partially covered in iridescent
                  | scales. (AC +2) [potion of mutation]
 49355 | Slime:5  | Found a viscous altar of Jiyva.
 49491 | Slime:5  | Killed the Royal Jelly
 49581 | Slime:5  | Found the +9 sword of Power {lifebolt}
 49590 | Slime:5  | Identified the ring of Yladofu {Fly rN+ Will++ MP+9 Str-4}
 49592 | Slime:5  | Identified the ring of Ru's Reproof {rPois Int+6 SInv}
 49626 | Slime:5  | Got a slimy rune of Zot
 50112 | Depths:3 | Found a snail-covered altar of Cheibriados.
 50277 | Hell     | Entered the Vestibule of Hell
 50277 | Hell     | Noticed Geryon
 50294 | Hell     | Killed Geryon
 50644 | Hell     | Found a gateway to the Iron City of Dis.
 50666 | Dis:1    | Entered Level 1 of the Iron City of Dis
 50961 | Dis:1    | Noticed a dread lich
 50968 | Dis:1    | Killed a dread lich
 51068 | Dis:2    | Noticed an ancient lich
 51091 | Dis:2    | Killed an ancient lich
 51480 | Hell     | Found a gateway to the decaying netherworld of Tartarus.
 51652 | Depths:4 | Found a gate to the Realm of Zot.
 51897 | Depths:4 | Killed Boris
 53835 | Dis:6    | Noticed an ancient lich
 53844 | Dis:6    | Killed an ancient lich
 53889 | Dis:7    | Entered Level 7 of the Iron City of Dis
 54239 | Dis:7    | Noticed a juggernaut
 54262 | Dis:7    | Killed a juggernaut
 54758 | Dis:7    | Noticed a juggernaut
 54900 | Dis:7    | Killed a juggernaut
 54934 | Dis:7    | Noticed Dispater
 54947 | Dis:7    | Noticed a juggernaut
 54968 | Dis:7    | Killed Dispater
 54977 | Dis:7    | Killed a juggernaut
 55004 | Dis:7    | Identified the +2 spear of Irritation {flame, rElec rF-
                  | Int+5 Dex+3}
 55006 | Dis:7    | Got the Exposition on the Tesseract and the Salamander
 55008 | Dis:7    | Got an iron rune of Zot
 55014 | Dis:7    | Learned a level 4 spell: Passage of Golubria
 55185 | Tar:1    | Entered Level 1 of Tartarus
 55298 | Tar:1    | You fall into a shaft and drop 1 floor!
 55966 | Tar:4    | Found a runed translucent door.
 56080 | Tar:5    | Noticed a dread lich
 56080 | Tar:5    | Noticed an ancient lich
 56080 | Tar:5    | Noticed a dread lich
 56080 | Tar:5    | Noticed a dread lich
 56467 | Zot:1    | Entered Level 1 of the Realm of Zot
 56558 | Zot:1    | Noticed Grunn
 56585 | Depths:4 | Reached skill level 10 in Throwing
 56694 | Zot:1    | Killed Grunn
 56830 | Zot:1    | Noticed an orb of fire
 56841 | Zot:1    | Killed an orb of fire
 57455 | Hell     | Killed a dread lich
 57463 | Hell     | Killed a dread lich
 57490 | Hell     | Found a gateway to the freezing wastes of Cocytus.
 57505 | Coc:1    | Entered Level 1 of Cocytus
 57914 | Coc:5    | Paralysed by a wendigo for 1 turns
 58058 | Coc:6    | Noticed an ancient lich
 58069 | Coc:6    | Killed an ancient lich
 58224 | Coc:7    | Entered Level 7 of Cocytus
 58250 | Coc:7    | Paralysed by a wendigo for 1 turns
 58414 | Coc:7    | Paralysed by a wendigo for 1 turns
 58607 | Coc:7    | Paralysed by a wendigo for 1 turns
 58750 | Coc:7    | Noticed Antaeus
 58985 | Coc:7    | Killed Antaeus
 58989 | Coc:7    | Got an icy rune of Zot
 59124 | Hell     | Found a gateway to the ashen valley of Gehenna.
 59131 | Geh:1    | Entered Level 1 of Gehenna
 59362 | Geh:2    | Found a corrupted altar of Lugonu.
 59889 | Geh:7    | Entered Level 7 of Gehenna
 59937 | Geh:7    | Noticed the Serpent of Hell
 59961 | Geh:7    | Killed the Serpent of Hell
 60398 | Geh:7    | Found the +13 sceptre of Asmodeus
 60398 | Geh:7    | Noticed Asmodeus
 60435 | Geh:7    | Killed Asmodeus
 60445 | Geh:7    | Got an obsidian rune of Zot
 60540 | Geh:7    | Got the Parchment of Coruscating Intoxication
 60983 | Tar:5    | Paralysed by a dread lich for 3 turns
 60989 | Tar:5    | Killed a dread lich
 60992 | Tar:5    | Killed an ancient lich
 61014 | Tar:5    | Reached skill level 27 in Polearms
 61216 | Tar:7    | Entered Level 7 of Tartarus
 61470 | Tar:7    | Noticed an ancient lich
 61481 | Tar:7    | Killed an ancient lich
 61572 | Tar:7    | Noticed an ancient lich
 61586 | Tar:7    | Killed an ancient lich
 61694 | Tar:7    | Noticed Ereshkigal
 61705 | Tar:7    | Killed Ereshkigal
 61730 | Tar:7    | Got a bone rune of Zot
 62244 | Zot:5    | Entered Level 5 of the Realm of Zot
 62443 | Zot:5    | Got a prismatic gem with 69 turns to spare
 62492 | Zot:5    | Noticed a dread lich
 62502 | Zot:5    | Killed a dread lich
 62632 | Zot:5    | Noticed an orb of fire
 62649 | Zot:5    | Killed an orb of fire
 62715 | Zot:5    | Noticed an orb of fire
 62724 | Zot:5    | Gained mutation: You are very dopey. (Int -4) [an orb of
                  | fire]
 62729 | Zot:5    | Killed an orb of fire
 62758 | Zot:5    | Noticed an orb of fire
 62778 | Zot:5    | Killed an orb of fire
 62888 | Zot:5    | Got the Orb of Zot
 62912 | Zot:5    | Noticed a seraph
 63101 | Depths:1 | Noticed Boris
 63113 | Depths:1 | Killed Boris
 63357 | D:$      | Escaped with the Orb!

Illustrated notes

Levels and vault maps discovered:
D:1:      wander_arrival_lonely_grave, layout_basic
D:2:      layout_rooms, hellmonk_ecumenical_altar_arch_garden, basic_altar,
          minmay_misc_feat_rugged, uniq_crazy_yiuf_cottage, uniq_sigmund
D:3:      layout_basic
D:4:      layout_basic, corexii_corridor_pit, uniq_edmund, uniq_ijyb
D:5:      minmay_angry_zag, layout_cave_pools,
          gammafunk_temple_overflow_elements, minmay_temple_entry_from_below_a,
          uniq_pikel
D:6:      layout_rooms, mainiacjoe_overflow_small_starburst,
          gup_sewer_entry_bubbles, minmay_misc_feat_square, st_stairs_3,
          corexii_hall_statues_l, small_statue_intersection,
          eino_small_chamber_without_monster, serial_bayou_lagoon_b
D:7:      layout_rooms, mainiacjoe_overflow_big_doors, minmay_starry_boxes
D:8:      layout_loops_ring, tgw_sif,
          nicolae_gozag_cash_rules_everything_around_me, enter_bailey_8,
          serial_undead, serial_undead_e, serial_undead_d, serial_undead_e,
          serial_undead_d
D:9:      layout_roguey, minmay_radiant
D:10:     layout_rooms, minmay_lair_entry_grove, minmay_misc_feat_tower,
          chequers_serial_rivers_small_3, serial_nicolae_subway,
          nicolae_sub_station_metal, nicolae_sub_station_crystal,
          nicolae_sub_station_stone, uniq_harold
D:11:     layout_long_grid, hiddenorc2_lemuel, dk_noncrumbling_3,
          grunt_dithmenos_smoke
D:12:     layout_long_grid, serial_shops, shop, minmay_shop_mayhem
D:13:     layout_cave_pods, erik_vaults_2
D:14:     cheibrodos_quadrivalence, layout_loops_ring, serial_shops, shop,
          kennysheep_island_fort
D:15:     grunt_enter_depths_hoard, layout_irregular_city
Temple:   nicolae_temple_bog_church
Lair:1:   layout_gridlike, ebering_ghost_xom, hellmonk_guarded_unrand_vines,
          grunt_megastairs_4
Lair:2:   layout_concentric_octagons
Lair:3:   dragon1_lemuel, layout_loops_ring, minmay_shoals_entry_beasts,
          minmay_snake_entry_guardpost_small, portal_ice_cave_demonic_guard,
          gammafunk_ghost_wrathful_warriors, kennysheep_basilisk_garden,
          uniq_gastronok
Lair:4:   layout_regular_city, minmay_slime_entry_jelly_boxes
Lair:5:   minmay_lair_end_enchanted_forest, layout_misc_corridors,
          gammafunk_ghost_necromancy
Shoals:1: layout_shoals, serial_shops, nicolae_shop_rolling_square, shop,
          nicolae_shop_drivethru, nicolae_shop_tiny_statue_garden,
          nicolae_shoals_nautilus_by_nature
Shoals:2: layout_shoals, nicolae_shoals_arrival_archipelago, uniq_polyphemus
Shoals:3: layout_shoals, nicolae_shoals_elemental_ambush, uniq_mlioglotl,
          uniq_jorgrun
Shoals:4: shoals_end_simple, layout_shoals
Snake:1:  layout_onion, nicolae_shop_self_help
Snake:2:  layout_concentric_octagons
Snake:3:  layout_chambers, uniq_aizul
Snake:4:  johnstein_snake_rune_scales, layout_misc_corridors,
          nicolae_snake_gridmaze_swirls
Slime:1:  layout_caves
Slime:2:  layout_caves
Slime:3:  cheibrodos_slime_lost_civilization_3, layout_caves
Slime:4:  layout_caves
Slime:5:  slime_pit_nicolae_trefoil
Orc:1:    layout_diamond_mine, basic_altar, serial_shops, shop_statue
Orc:2:    st_orc_congregation, layout_caves, uniq_snorg
Elf:1:    elf_arrival_002, layout_loops_corners, basic_altar, evilmike_minifort,
          billiards_dpeg
Elf:2:    nicolae_elf_blades_crystal_corner, layout_gridlike,
          nicolae_trove_entry_crossroad
Elf:3:    elf_hall, layout_geoelf_diagonals
Vaults:1: hangedman_vaults_locks, nicolae_vaults_turnstiles,
          nicolae_vaults_tetromino_T_1, nicolae_vaults_off_center_swirl,
          vaults_room_semicircle, v_misc_17, v_misc_22, v_misc_13,
          layout_vaults_omnigrid
Vaults:2: minmay_crypt_entry_necro_gods, nicolae_vaults_shrinking_rooms_1,
          vaults_room_fours, nicolae_vaults_house_2,
          nicolae_vaults_doubleplus_tesselated, ontoclasm_vaults_ring_square,
          nicolae_vaults_apartment_2, nicolae_vaults_library_corner,
          layout_vaults_chaotic_city
Vaults:3: nicolae_vaults_big_angled_halls, nicolae_vaults_murder_corner,
          hangedman_vaults_variations, grunt_vaults_twisty, grunt_vaults_swirl,
          v_alt_pattern_4, dpeg_vaults_monster_box, v_misc_19, v_alt_pattern_6,
          layout_vaults_big_cross
Vaults:4: nicolae_vaults_double_plus_3, grunt_vaults_bifocal,
          grunt_vaults_hallway_short, nicolae_vaults_oval_intersection,
          gammafunk_its_a_trap, v_misc_27, v_pattern_4,
          nicolae_vaults_network_s, v_misc_28, vaults_room_grid,
          nicolae_vaults_tangram_2, nicolae_vaults_offset_grid_hallway_3,
          layout_vaults_maze_bifur, serial_shops, nicolae_shop_hallway_plus
Vaults:5
Crypt:1:  layout_chaotic_city, minivault_19, grunt_crypt_arrival_webbed
Crypt:2:  layout_misc_corridors, grunt_megastairs_3
Crypt:3:  grunt_crypt_end_deaths_head
Tomb:1
Tomb:2
Tomb:3
Depths:1: layout_gridlike, pan_entry, lemuel_crystal_altar,
          grunt_hell_entry_dis_old, sword_in_stone
Depths:2: regret_index_dithmenos_brocken_genspenst, layout_gridlike, hell_entry,
          serial_shops, nicolae_shop_mannequins, nemelex_spade_bored_becter,
          rand_demon_pan_entry_1, serial_bayou_shore_b
Depths:3: grunt_profane_halls [grunt_profane_loot, grunt_profane_temple_dis,
          grunt_profane_temple_coc, grunt_profane_temple_geh,
          grunt_profane_temple_tar], serial_shops, abyss_entry, hell_entry,
          uniq_jory
Depths:4: lemuel_castle_with_subvaults [lemuel_castle_interior_original],
          layout_cave_pools, ziggurat_fallback,
          nicolae_abyss_entry_one_way_or_another, lightli_too_deep,
          serial_shops, nicolae_shop_hallway_plus, fedhas_altar_4,
          minmay_microvault, uniq_boris
Hell
Dis:1:    layout_subdivisions
Dis:2:    layout_gridville
Dis:3:    layout_jigsaw
Dis:4:    layout_gridville, minmay_strange_pillars
Dis:5:    hangedman_dis_monolith, layout_regular_city, glass_columns_b
Dis:6:    layout_regular_city
Dis:7:    dis_grunt_layers
Geh:1:    layout_gehenna_pools_basic
Geh:2:    layout_gehenna_pools_triple, amcnicky_altar_lugonu_corruption
Geh:3:    layout_gehenna_pools_triple
Geh:4:    layout_gehenna_pools_basic, nicolae_hells_hurtin_island
Geh:5:    layout_gehenna_pools_triple
Geh:6:    layout_gehenna_lava_caves
Geh:7:    geh_hangedman
Coc:1:    layout_ice_bergs
Coc:2:    layout_ice_bergs
Coc:3:    layout_cocytus_water_paths
Coc:4:    layout_ice_bergs
Coc:5:    layout_cocytus_delve
Coc:6:    layout_ice_bergs
Coc:7:    coc_grunt
Tar:1:    layout_grid_maze
Tar:2:    nicolae_tar_checkpoint_tarlie, layout_cathedral_of_symmetry
Tar:3:    layout_cathedral_of_symmetry, nicolae_tar_stay_or_leave
Tar:4:    nicolae_tar_ssshhh
Tar:5:    layout_catacombs, nicolae_tar_liches_on_tour
Tar:6:    layout_cathedral_of_symmetry, nicolae_hells_seeping_fissure
Tar:7:    tar_grunt_cathedral
Zot:1:    layout_basic, uniq_grunn
Zot:2:    layout_onion_interference, regret_index_zotdec_fiery_em
Zot:3:    layout_gridlike, lemuel_elevator
Zot:4:    layout_onion
Zot:5:    layout_basic, regret_index_zotdec_carving_tricks, grunt_ministairs_5

Skill      XL: |  1  2  3  4  5  6  7  8  9 10 11 12 13 14 15 16 17 18 19 20 21 22 23 24 25 26 27 |
---------------+----------------------------------------------------------------------------------+-----
Conjurations   | 4 |  4.3
Polearms       | 1 3 5 7 8 11 13 15 16 17 19 20 23 27 | 27.0
Spellcasting   | 3 8 |  8.5
Fighting       | 2 3 5 8 9 11 14 16 18 19 20 26 | 26.2
Armour         | 1 2 3 4 7 8 10 11 14 22 | 22.7
Dodging        | 4 7 9 13 15 17 19 21 22 24 27 | 27.0
Invocations    | 3 4 8 11 15 | 15.8
Evocations     | 3 4 7 |  7.0
Throwing       | 2 14 | 14.1
Translocations | 3 5 7 8 9 10 11 22 | 22.4
Shields        | 5 6 10 12 15 16 26 | 26.2
Air Magic      | 12 | 12.4
Stealth        | |  2.1

Action                     |  1- 3 |  4- 6 |  7- 9 | 10-12 | 13-15 | 16-18 | 19-21 | 22-24 | 25-27 || total
---------------------------+-------+-------+-------+-------+-------+-------+-------+-------+-------++-------
  Melee: Short sword       |    14 |       |       |       |       |       |       |       |       ||    14
         Dagger            |     3 |       |     1 |       |       |       |       |       |       ||     4
         Spear             |       |    21 |    58 |       |       |       |       |       |       ||    79
         Unarmed           |       |     5 |       |       |     6 |       |       |       |       ||    11
         Punch             |       |       |     1 |       |     1 |       |       |       |     1 ||     3
         Halberd           |       |       |   166 |   680 |   816 |       |       |       |       ||  1662
         Tailslap          |       |       |       |     2 |       |    66 |     7 |       |    71 ||   146
         Bardiche          |       |       |       |       |   374 |    43 |       |       |  1039 ||  1456
         Trident           |       |       |       |       |    50 |       |       |       |       ||    50
         Demon trident     |       |       |       |       |       |  1630 |  1945 |  1474 |   275 ||  5324
         Trishula          |       |       |       |       |       |       |       |       |  7562 ||  7562
         Headbutt          |       |       |       |       |       |       |       |       |  1974 ||  1974
  Throw: Dart              |     7 |    14 |    26 |    35 |    44 |     1 |     2 |     7 |     9 ||   145
         Throwing net      |       |       |       |       |     2 |       |       |       |       ||     2
         Javelin           |       |       |       |       |       |       |       |       |    27 ||    27
   Cast: Magic Dart        |    70 |    63 |    40 |    15 |       |       |       |       |       ||   188
         Searing Ray       |     3 |    14 |    43 |    13 |       |       |       |       |       ||    73
         Blink             |       |       |       |       |       |       |     3 |     3 |    13 ||    19
         Apportation       |       |       |       |       |       |       |       |     3 |   132 ||   135
         Manifold Assault  |       |       |       |       |       |       |       |       |   309 ||   309
         Passage of Golubr |       |       |       |       |       |       |       |       |    13 ||    13
         Vhi's Electric Ch |       |       |       |       |       |       |       |       |     3 ||     3
         Dispersal         |       |       |       |       |       |       |       |       |     2 ||     2
         Swiftness         |       |       |       |       |       |       |       |       |     1 ||     1
 Invoke: Heroism           |       |       |     7 |    13 |    12 |    15 |    17 |    17 |     4 ||    85
         Finesse           |       |       |       |       |     1 |     1 |     6 |     7 |     1 ||    16
         Receive Weapon    |       |       |       |       |     1 |       |       |       |       ||     1
         Receive Armour    |       |       |       |       |     1 |       |       |       |       ||     1
         Summon Divine War |       |       |       |       |       |       |       |       |   107 ||   107
         Divine Shield     |       |       |       |       |       |       |       |       |    76 ||    76
         Cleansing Flame   |       |       |       |       |       |       |       |       |    13 ||    13
         Brand Weapon With |       |       |       |       |       |       |       |       |     1 ||     1
Ability: Evoke Blink       |       |       |       |       |     1 |       |       |       |       ||     1
  Evoke: Wand              |     1 |    10 |     6 |     4 |    14 |     1 |     3 |     4 |    32 ||    75
         Phial of floods   |       |       |       |       |       |       |     1 |       |     1 ||     2
         Figurine of a zig |       |       |       |       |       |       |       |       |     1 ||     1
         Condenser vane    |       |       |       |       |       |       |       |       |     1 ||     1
    Use: Scroll            |       |     5 |     3 |    14 |    13 |    12 |     9 |    12 |    50 ||   118
         Potion            |       |       |       |     6 |     4 |     1 |     1 |     5 |    54 ||    71
   Stab: Paralysed         |       |       |    14 |       |    11 |     1 |     2 |     1 |     2 ||    31
         Invisible         |       |       |       |     1 |     5 |     7 |       |       |       ||    13
         Held in net/web   |       |       |       |       |     1 |       |       |       |       ||     1
         Sleeping          |       |       |       |       |       |     1 |       |       |       ||     1
         Distracted        |       |       |       |       |       |       |     1 |     1 |       ||     2
 Armour: Robe              |    13 |    16 |       |       |       |       |       |       |       ||    29
         Ring mail         |       |    27 |   144 |   288 |       |       |       |       |       ||   459
         Skin              |       |     2 |     1 |       |       |       |       |       |    94 ||    97
         Troll leather arm |       |       |       |   125 |   543 |   465 |   249 |       |       ||  1382
         Chain mail        |       |       |       |       |       |       |   280 |   309 |       ||   589
         Ice dragon scales |       |       |       |       |       |       |       |   199 |  3646 ||  3845
  Dodge: Dodged            |    13 |    32 |   103 |   359 |   938 |   883 |   456 |   339 |  3400 ||  6523
         Repelled          |       |       |       |       |       |    32 |    26 |    16 |   172 ||   246
  Block: Other             |       |       |       |       |   131 |     7 |       |       |   113 ||   251
         Reflection        |       |       |       |       |     1 |   121 |    54 |       |       ||   176
         Buckler           |       |       |       |       |       |   489 |       |       |       ||   489
         Kite shield       |       |       |       |       |       |   358 |    64 |       |       ||   422
         Tower shield      |       |       |       |       |       |       |  1596 |  1308 |  9069 || 11973
Riposte: Halberd           |       |       |       |    62 |   108 |       |       |       |       ||   170
